 Dungeon Crawl Stone Soup version 0.22-a0-246-gdc04c06 (webtiles) character file.

100 MatthieuS the Charlatan (level 4, 0/37 HPs)
             Began as a Centaur Artificer on Feb 22, 2018.
             Killed from afar by a white imp (3 damage)
             ... with a puff of frost
             ... summoned by Natasha
             ... on level 3 of the Dungeon.
             The game lasted 00:04:22 (2023 turns).

MatthieuS the Charlatan (Centaur Artificer)         Turns: 2023, Time: 00:04:22

Health: 0/37       AC:  6    Str: 15    XL:     4   Next: 46%
Magic:  6/6        EV:  9    Int: 10    God:
Gold:   145        SH:  0    Dex: 10    Spells: 3/3 levels left

rFire    . . .     SeeInvis .   a - +0 spear
rCold    . . .     Gourm    .   (no shield)
rNeg     . . .     Faith    .   q - +0 ring mail
rPois    .         Spirit   .   h - +0 helmet
rElec    .         Reflect  .   (no cloak)
rCorr    .         Harm     .   (no gloves)
MR       .....                  (no barding)
Stlth    ..........             (no amulet)
HPRegen  0.12/turn              (no ring)
MPRegen  0.10/turn              (no ring)

@: slowed
A: large, hooves 3, deformed body, speed 2, tough skin 3
a: no special abilities


You were on level 3 of the Dungeon.
You were near starving.

You visited 1 branch of the dungeon, and saw 3 of its levels.

You collected 145 gold pieces.

Inventory:

Hand Weapons
 a - a +0 spear (weapon)
 i - a +0 blowgun
Missiles
 s - 35 arrows
 t - 10 poisoned needles
Armour
 h - a +0 helmet (worn)
 q - a +0 ring mail (worn)
Wands
 c - a wand of flame (15)
 d - a wand of enslavement (15)
 e - a wand of random effects (15)
Scrolls
 b - a scroll of immolation {unknown}
 j - 3 scrolls of remove curse {unknown}
 m - a scroll of fear {unknown}
 n - a scroll of identify {unknown}
 o - a scroll of noise {unknown}
 p - 2 scrolls of magic mapping {unknown}
 r - a scroll of teleportation {unknown}
Potions
 g - 2 potions of mutation {unknown}
 k - a potion of agility {unknown}
 l - 2 potions of magic {unknown}
Comestibles
 f - 11 rations


   Skills:
 + Level 2.5 Fighting
   Level 0.8 Short Blades
 + Level 2.3 Dodging
 - Level 0.4 Stealth
 + Level 3.5 Evocations


You had 3 spell levels left.
You didn't know any spells.

Dungeon Overview and Level Annotations

Branches:
Dungeon (3/15)

Altars:

Annotations:
D:3 Natasha


Innate Abilities, Weirdness & Mutations

You have hooves in place of feet.
Armour fits poorly on your strangely shaped body.
You cover ground very quickly.
You have extremely tough skin. (AC +3)


Message History

* * * LOW HITPOINT WARNING * * *
The jackal misses you. Natasha claws you.
* * * LOW HITPOINT WARNING * * *
The jackal closely misses you.
You closely miss Natasha.
Natasha is almost dead.
The jackal bites you.
* * * LOW HITPOINT WARNING * * *
Natasha claws you but does no damage. The jackal barely misses you.
Natasha casts a spell.
Unknown command.
You hit Natasha.
Natasha is almost dead.
The jackal bites you.
* * * LOW HITPOINT WARNING * * *
The jackal barely misses you. Natasha claws you.
* * * LOW HITPOINT WARNING * * *
The white imp gestures at you. The puff of frost hits you!
You die...

####### ########
..... ........ .
###.################
..
#...................
...
#.#.################
....#.#.#####
#.........#
###....h.5..#
......$@....#
.......h....#
###............
#.[..........
#.........#..
#.........##♣
#.......).#
#.........#


You could see Natasha, a white imp and a jackal.

Vanquished Creatures
  A bullfrog zombie (D:3)
  An adder (D:2)
  A worm (D:3)
  2 dart slugs (D:1)
  A leopard gecko (D:1)
  An orc (D:3)
  4 giant cockroaches
  5 goblins
  7 hobgoblins
  2 quokkas
  12 bats
  3 kobolds (D:3)
  8 rats
48 creatures vanquished.

Notes
Turn   | Place    | Note
-------+----------+-------------------------------------------
     0 | D:1      | MatthieuS the Centaur Artificer began the quest for the Orb.
     0 | D:1      | Reached XP level 1. HP: 16/16 MP: 2/2
   133 | D:1      | Reached XP level 2. HP: 16/23 MP: 4/4
   223 | D:1      | Reached skill level 3 in Evocations
   575 | D:1      | Reached XP level 3. HP: 22/29 MP: 5/5
   883 | D:2      | Found a faded altar of an unknown god.
  1352 | D:3      | Reached XP level 4. HP: 21/37 MP: 6/6
  2013 | D:3      | Noticed Natasha
  2023 | D:3      | Killed from afar by a white imp

Vault maps used:
D:1:      dpeg_arrival_fog
D:2:      chequers_ecumenical_altar_simple_redux
D:3:      nicolae_overflow_hidden_temple, first_ration, uniq_natasha,
          uniq_crazy_yiuf_cottage

Skill      XL: |  1  2  3 |
---------------+----------+-----
Evocations     | 3 |  3.5
Fighting       | 2 |  2.5
Dodging        | 2 |  2.3
Short Blades   | |  0.8
Stealth        | |  0.4

Action                   |  1- 3 |  4- 6 || total
-------------------------+-------+-------++-------
Melee: Short sword       |   119 |       ||   119
       Kick              |    18 |    10 ||    28
       Spear             |    14 |    44 ||    58
  Eat: Chunk             |       |     1 ||     1
Armor: Chain mail        |    77 |       ||    77
       Ring mail         |    42 |     8 ||    50
Dodge: Dodged            |    43 |    12 ||    55

Table legend:
 A = Spawn XP
 B = Non-spawn XP
 C = Spawn XP percentage of total XP
 D = Spawn monster count
 E = Non-spawn monster count
 F = Spawn count percentage of total count
 G = Total turns spent on level
                    A         B        C        D         E        F      G
               +---------+---------+-------+---------+---------+-------+---------
         Total |       0 |     143 |   0.0 |       0 |      48 |   0.0 |  2023
               +---------+---------+-------+---------+---------+-------+---------
           D:1 |       0 |      45 |   0.0 |       0 |      24 |   0.0 |   670
           D:2 |       0 |      31 |   0.0 |       0 |      12 |   0.0 |   598
           D:3 |       0 |      67 |   0.0 |       0 |      12 |   0.0 |   755
               +---------+---------+-------+---------+---------+-------+---------
